Cogmind - Beta 16 @@@ ROGUE MODE // 2025.11.05 @ 02:57:31 Player: daxter767676 Result: Destroyed by TV-94H(R) with Subdweller Beam Cannon Performance ------------- Evolutions (0) 0 Regions Visited (2) 400 Robots Destroyed (23) 115 Value Destroyed (519) 519 Prototype IDs (0) 0 Alien Tech Used (0) 0 Bonus (0) 0 TOTAL SCORE: 1034 Bonus ------- None Cogmind --------- Core Integrity 0/250 Matter 281/300 Energy 200/200 System Corruption 0% Temperature Cool (9) Movement Rolling (110) Ox2 Location -10/Subcaves Parts ------- > --- POWER (1) -------- Subdweller Power Source > --- PROPULSION (2) --- Wheel Subdweller Monowheel > --- UTILITY (2) ------ Improved Heat Sink Medium Storage Unit > --- WEAPON (2) ------- Battle Rifle Subdweller Machine Gun > --- INVENTORY (10) --- Subdweller Power Source Wheel Wheel Subdweller Monowheel High-capacity Storage Unit Structural Scanner Battle Rifle Grenade Launcher Welding Torch Mining Claw Peak State ------------ > --- POWER ------------ Subdweller Power Source > --- PROPULSION ------- Wheel Subdweller Monowheel > --- UTILITY ---------- Improved Heat Sink Medium Storage Unit > --- WEAPON ----------- Battle Rifle Subdweller Machine Gun > --- INVENTORY -------- Subdweller Power Source Wheel Wheel Subdweller Monowheel Heat Sink High-capacity Storage Unit Structural Scanner Grenade Launcher Welding Torch Mining Claw [Rating: 14] Favorites ----------- Power Light Nuclear Core Engine Ion Engine Power Core Light Nuclear Core Propulsion Wheel Leg Aluminum Leg Wheel Wheel Utility Improved Heat Sink Device Improved Heat Sink Storage Medium Storage Unit Weapon Light Assault Rifle Energy Gun Medium Laser Ballistic Gun Light Assault Rifle Build | -11 -10 -10 ------- Run | Yrd Mat Sub Slots Evolved . | . . . Power . | . . . Propulsion . | . . . Utility . | . . . Weapon . | . . . Parts Attached 20 | 4 10 6 Power 4 | . 3 1 Engine 3 | . 2 1 Core 1 | . 1 . Reactor . | . . . Propulsion 5 | 2 2 1 Treads . | . . . Leg . | . . . Wheel 5 | 2 2 1 Hover . | . . . Flight . | . . . Utility 4 | 1 3 . Device 3 | 1 2 . Storage 1 | . 1 . Processor . | . . . Hackware . | . . . Protection . | . . . Artifact . | . . . Weapon 7 | 1 2 4 Energy Gun . | . . . Energy Cannon . | . . . Ballistic Gun 7 | 1 2 4 Ballistic Cannon . | . . . Launcher . | . . . Special Weapon . | . . . Impact Weapon . | . . . Slashing Weapon . | . . . Piercing Weapon . | . . . Special Melee Weapon . | . . . Unidentified Prototypes . | . . . Parts Lost 10 | . 7 3 Power 2 | . 1 1 Propulsion 2 | . 2 . Utility 2 | . 2 . Weapon 4 | . 2 2 Highest Loss Streak 4 | . 4 3 To Critical Strikes . | . . . Average Backups 8 | 7 8 9 Power 1 | 1 1 1 Propulsion 3 | 5 3 2 Utility 1 | . 1 2 Weapon 2 | . 2 2 Tool/Special . | . . . Unused Backups 18 | . 8 10 Power 3 | . 1 2 Propulsion 6 | . 4 2 Utility 5 | . 2 3 Weapon 3 | . 1 2 Tool/Special 1 | . . 1 Average Slot Usage (%) 88 | . 88 88 Engine 7 | . 8 4 Core 6 | . 5 8 Wheel 19 | . 19 19 Device 13 | . 13 14 Storage 14 | . 14 14 Ballistic Gun 27 | . 27 27 Peak Build Rating 14 | 7 11 14 Average Rating 9 | 5 8 11 On Entrance 8 | 6 7 11 Avg Prop Armor Cover (%) 5 | . . 5 Naked Turns . | . . . Heaviest Build 22 | 14 19 22 Greatest Support 26 | 26 26 10 Greatest Overweight (x) 4 | 4 1 2 Average Overweight (x) . | . . 1 Largest Inventory Capacity 10 | 8 10 10 Average Capacity 9 | 8 8 10 Most Carried 10 | 8 10 10 Average Carried 8 | 7 8 9 Final Capacity 10 | 8 10 10 Final Carried 10 | 7 10 10 Class Distribution -------------------- 88% | Mutant 11% | Scavenger-Mutant Dominant Class ---------------- Mutant | -10/Materials Mutant | -10/Subcaves Resources | -11 -10 -10 ----------- Run | Yrd Mat Sub Matter Collected 638 | 259 289 90 Remotely 180 | 59 121 . Salvage Created 789 | 113 574 102 Parts 48 | 3 37 8 Haulers Intercepted . | . . . Recyclers Shooed . | . . . Parts Field Recycled . | . . . Retrieved Matter . | . . . Parts Self-Destructed 3 | . . 3 Prevented . | . . . Parts Restored . | . . . Kills | -11 -10 -10 ------- Run | Yrd Mat Sub Combat Hostiles Destroyed 17 | . 15 2 Guns 17 | . 15 2 Classes Destroyed 7 | 2 4 1 Worker 2 | . 2 . Tunneler 1 | 1 . . Recycler 1 | 1 . . Watcher 2 | . 2 . Swarmer 6 | . 6 . Grunt 9 | . 9 . Subdweller 2 | . . 2 Best Kill Streak 5 | 2 5 1 Combat Bots Only 5 | . 5 1 Max Kills in Single Turn 1 | 1 1 1 Gunslinging . | . . . Exploded . | . . . Melee . | . . . Uniques/NPCs Destroyed . | . . . Combat | -11 -10 -10 -------- Run | Yrd Mat Sub Hostile Shots Fired 120 | . 96 24 Missed 35 | . 25 10 Hits 85 | . 71 14 Projectile 85 | . 71 14 Critical Strikes 3 | . 2 1 Damage Taken 1068 | . 764 304 Core 278 | . 186 92 Absorbed by Shields . | . . . Core Remaining (%) 100 | 100 . . Volleys Fired 82 | 6 62 14 Largest 2 | 2 2 2 Hottest 70 | 70 40 40 Shots Fired 151 | 12 117 22 Gun 151 | 12 117 22 Cannon . | . . . Launcher . | . . . Special . | . . . Kinetic 146 | 7 117 22 Thermal 5 | 5 . . Explosive . | . . . Electromagnetic . | . . . Robot Hit Streak 12 | 3 8 12 Robot Miss Streak 5 | 2 5 1 Penetration Max . | . . . Secondary Targets 1 | . . 1 Max Gunslinging Chain 1 | . . 1 Shots Hit Robots 98 | 8 69 21 Core Hits 38 | 3 30 5 Critical Kills 1 | . 1 . Critical Parts Destroyed . | . . . Critical Strikes 1 | . 1 . Destroy 1 | . 1 . Melee Attacks . | . . . Impact . | . . . Slashing . | . . . Piercing . | . . . Sneak Attacks . | . . . Combat Hostiles . | . . . Follow-up Attacks . | . . . Damage Inflicted 1065 | 98 757 210 Guns 1065 | 98 757 210 Cannons . | . . . Explosions . | . . . Melee . | . . . Ramming . | . . . Kinetic 1028 | 61 757 210 Thermal 37 | 37 . . Explosive . | . . . Electromagnetic . | . . . Impact . | . . . Slashing . | . . . Piercing . | . . . Highest Corruption . | . . . Average Corruption . | . . . Corruption Purged . | . . . Corruption Blocked . | . . . Overload Shots . | . . . Overflow Damage . | . . . Projectiles . | . . . Explosions . | . . . Melee . | . . . Knockbacks . | . . . Impact . | . . . Kinetic . | . . . Secondary . | . . . Self-Inflicted Damage . | . . . Shots . | . . . Rammed . | . . . Targets Rammed . | . . . Kicked . | . . . Crushed . | . . . Highest Temperature 65 | 65 18 . Average Temperature 20 | 39 7 . Received Heat Transfer 357 | . 330 27 Siege Activations . | . . . Martial Activations . | . . . Shielding Activations . | . . . Robots Disrupted . | . . . Combat Hostiles . | . . . Robots Corrupted . | . . . Combat Hostiles . | . . . Parts Fried . | . . . Impact Corruptions . | . . . Robots Melted . | . . . Combat Hostiles . | . . . Parts Melted . | . . . Heat Transferred 111 | 111 . . Parts Sabotaged . | . . . Parts Stolen . | . . . Parts Stripped . | . . . Power Chain Reactions . | . . . Alert | -11 -10 -10 ------- Run | Yrd Mat Sub Maximum Alert Level 1 | . 1 . Low Security (%) 99 | 100 99 . Level 1 . | . . . Level 2 . | . . . Level 3 . | . . . Level 4 . | . . . Level 5 . | . . . High Security . | . . . Max Security . | . . . Peak Influence 203 | 5 203 . Initial . | . . . Average 79 | 1 84 . Influence Increases 559 | 10 549 . Destroy 0b10 Robot/C 300 | . 300 . Destroy 0b10 Robot/NC 30 | 10 20 . Destroy Leader 64 | . 64 . Successful Hack 15 | . 15 . Select Force Hacks 30 | . 30 . Lose Combat Pursuer 120 | . 120 . Influence Decreases 559 | 10 362 187 Entered New Map 91 | . . 91 Time Decay 392 | 10 302 80 Lost Part 76 | . 60 16 Squads Dispatched 2 | . 2 . Investigation 1 | . 1 . Extermination . | . . . Reinforcement 1 | . 1 . Assault . | . . . Garrison . | . . . Intercept . | . . . Searches Triggered . | . . . Construction Impeded . | . . . Haulers Reinforced . | . . . Active Scanning Responses . | . . . Cargo Convoy Interrupts . | . . . Stealth | -11 -10 -10 --------- Run | Yrd Mat Sub Distress Signals 1 | . 1 . Communications Jammed . | . . . Distress Signals . | . . . Times Spotted 32 | . 28 4 Peak Tracking Total 4 | . 4 2 Tactical Retreats 4 | . 4 . Traps | -11 -10 -10 ------- Run | Yrd Mat Sub Traps Triggered . | . . . Indirectly . | . . . Trap Hack Attempts . | . . . Triggered . | . . . Disarmed . | . . . Reprogrammed . | . . . Reused . | . . . Traps Extracted . | . . . Installed . | . . . Triggered . | . . . Machines | -11 -10 -10 ---------- Run | Yrd Mat Sub Machines Disabled . | . . . Max in Single Turn . | . . . Machines Repaired . | . . . Machines Dismantled . | . . . Machines Sabotaged . | . . . Overloaded Fab Kills . | . . . Hacking | -11 -10 -10 --------- Run | Yrd Mat Sub Machines Accessed 7 | . 7 . Terminals 6 | . 6 . Fabricators . | . . . Repair Stations . | . . . Recycling Units 1 | . 1 . Scanalyzers . | . . . Garrison Access . | . . . Total Hacks 20 | . 20 . Successful 13 | . 13 . Failed 7 | . 7 . Catastrophic . | . . . Database Lockouts . | . . . Manual 17 | . 17 . Terminals 19 | . 19 . Fabricators . | . . . Repair Stations . | . . . Recycling Units 1 | . 1 . Scanalyzers . | . . . Garrison Access . | . . . Terminal Hacks 2 | . 2 . Emergency Access Points 1 | . 1 . Alert Level 1 | . 1 . Fabricator Hacks . | . . . Repair Station Hacks . | . . . Recycling Unit Hacks . | . . . Scanalyzer . | . . . Garrison Access Hacks . | . . . Unauthorized Hacks 11 | . 11 . Terminals 10 | . 10 . Assimilate 1 | . 1 . Botnet 5 | . 5 . Skim 4 | . 4 . Fabricators . | . . . Repair Stations . | . . . Recycling Units 1 | . 1 . Tunnel 1 | . 1 . Scanalyzers . | . . . Garrison Access . | . . . Data Cores Recovered . | . . . Used . | . . . Hacking Detections 6 | . 6 . Full Trace Events . | . . . Feedback Events . | . . . Feedback Blocked . | . . . Robot Schematics Acquired . | . . . Robots Built . | . . . Authchips . | . . . Time . | . . . Total Robot Build Rating . | . . . Part Schematics Acquired . | . . . Parts Built . | . . . Authchips . | . . . Time . | . . . Total Part Build Rating . | . . . Part Studies Acquired . | . . . Parts Repaired . | . . . Time . | . . . Parts Recycled . | . . . Recycled Matter . | . . . Retrieved Matter . | . . . Retrieved Components . | . . . Parts Scanalyzed . | . . . Part Schematics Acquired . | . . . Parts Damaged . | . . . Bothacking | -11 -10 -10 ------------ Run | Yrd Mat Sub Used RIF Installer . | . . . Robots Hacked . | . . . Non-combat . | . . . Combat . | . . . Robot Hacks Applied . | . . . Relay Couplers Released . | . . . Fabnet Peak Effective % . | . . . Robots Rewired . | . . . Allies Hacked . | . . . Hacks Repelled . | . . . Allies | -11 -10 -10 -------- Run | Yrd Mat Sub Total Allies . | . . . Largest Group . | . . . Highest-Rated Group . | . . . Highest-Rated Ally . | . . . Total Orders . | . . . Ally Attacks . | . . . Total Damage . | . . . Kills . | . . . Allies Corrupted . | . . . Allies Melted . | . . . Intel | -11 -10 -10 ------- Run | Yrd Mat Sub Active Infowar (turns) . | . . . Robot Analysis Total . | . . . Derelict Logs Recovered . | . . . Drone Launches . | . . . Drone Recoveries . | . . . Exploration | -11 -10 -10 ------------- Run | Yrd Mat Sub Turns Passed 1092 | 53 733 306 Spaces Moved 738 | 26 492 220 Core 2 | 2 . . Treads . | . . . Legs . | . . . Wheels 736 | 24 492 220 Hover . | . . . Flight . | . . . Fastest Speed 80 | 90 80 95 Average Speed 95 | 106 92 99 Slowest Speed 250 | 250 95 110 Overloaded Moves . | . . . Propulsion Burnouts . | . . . Robots Hopped . | . . . Potential Cave-ins . | . . . Cave-ins Triggered . | . . . Exploration Rate (%) 31 | 3 77 15 Regions Visited 2 Branch Regions 1 Pre-discovered Areas 1 | . 1 . Known Exits Taken . | . . . Unknown Exits Taken 2 | 1 1 . Scrap Searched 3 | . . 3 Spaces Dug . | . . . Terrain Destroyed . | . . . Melee . | . . . Projectile . | . . . AOE . | . . . Terrain Rammed . | . . . Walls Destroyed . | . . . Machines Disabled . | . . . Actions | -11 -10 -10 --------- Run | Yrd Mat Sub Total 994 | 39 665 290 Wait 127 | 1 85 41 Move 736 | 25 491 220 Hop . | . . . Pick Up 13 | . 9 4 Fast Attach 10 | 3 4 3 Attach 4 | 1 2 1 Detach 2 | 2 . . Swap 6 | . 4 2 Drop 14 | 1 8 5 Fire 82 | 6 62 14 Melee . | . . . Ram . | . . . Kick . | . . . Crush . | . . . Escape Stasis . | . . . Rewire . | . . . Trap . | . . . Miscellaneous . | . . . Route ------- -11/Scrapyard -10/Materials (discovered 4 exits: [*Mat x3] / [*Sub]) -10/Subcaves History --------- Turn | Location | Event 17 | -11/Scrapyard | Discovered new exit (range 3) 54 | -11/Scrapyard | Entered Materials 239 | -10/Materials | Discovered new exit (range 6) 311 | -10/Materials | Build established: Mutant 397 | -10/Materials | Core integrity fell below 50% 432 | -10/Materials | Lost 4 parts (1p1n1u1w) 491 | -10/Materials | Discovered new exit (range 11) 616 | -10/Materials | Discovered new exit (range 16) 782 | -10/Materials | Discovered new exit (range 6) 787 | -10/Materials | Entered Subcaves 788 | -10/Subcaves | Approached by a straggling Scientist 807 | -10/Subcaves | Disturbed a concealed Subdweller 878 | -10/Subcaves | Core integrity fell below 20% 1004 | -10/Subcaves | Lost 3 parts (1p2w) 1093 | -10/Subcaves | Destroyed by TV-94H(R) with Subdweller Beam Cannon Last Messages --------------- 00997_ Subatomizers dissect the Disposable Heat Sink. 01013_ Searching scrap... 01013_ Found Sub. Laser. 01013_ Found 46 Matter. 01014_ Acquired 10 matter. 01014_ Searching scrap... 01014_ Found Battle Rifle. 01014_ Found 66 Matter. 01016_ Dropped Lgt. Assault Rifle. 01020_ Subatomizers dissect the Lgt. Assault Rifle. 01030_ Searching scrap... 01030_ Found Battle Rifle. 01030_ Found 59 Matter. 01031_ Acquired 10 matter. 01032_ Dropped Battle Rifle. 01034_ Dropped Heat Sink. 01035_ Acquired Heat Sink. 01036_ Dropped Heat Sink. 01037_ Acquired Battle Rifle. 01043_ Subatomizers dissect the Lgt. Assault Rifle. Map ----- +----------------------------------------------------+ | ## ####?# # # ##??##?? | | ### #?## #??????? | | ## #???# ## # ###??????? | | ##### # ### #####????????? | | # ## ### #?# #????????????? | | #?# #?# # ##????????????? | | ## #?# # #####?????????????? | | #### # ####? ####?????????????????? | | #??## ########???#### ##????????????????????? | | #???####?????????????###?????????????????????? | | ##????????????????????????????????????????????? | | ####?????????????????????????????????????????????? | | #????????????????????????????????????????????????? | | ??????????###????????????????????????????????????? | | ??????????# ??????????###???????????????????????? | | ??????????#" ??????????#"#???????????????????????? | | ####??????#""####???####%#???????????????????????? | | #??????# %%"#####"" "#???????????????????????? | | #???????# [ [# !"##???????????????????????? | | ##???????##" ##" #????????????????????????? | | ##????????## " ## "####????????????????????????? | | ##??????#######< <###?????????????????????????? | | #??????# ### < ###???????????????????????? | | #??##### ##??????????????????????? | | #??# ##########; #??????????????????????? | | #??# #?# !### @#??????????????????????? | | # #??## ### !%! RR##??????????????????????? | | # ##???## ## % #???????????????????????? | | ##????# #???????????????????????? | | #?????# ## * #???????????????????????? | | ####### ### #???????????????????????? | | ## # ## ## "????????????????? | | ### ### " ""??????????????? | | #?####?# ## # """ ???????????????? | | ## #??????###?##? ""????????????????? | | ### ###??????????????# "????????????????? | | ####?## ##?????????????????? "???????????????? | | ??????#######????????????????????????????????????? | | ?????????????????????????????????????????????????? | | ?????????????????????????????????????????????????? | | ?????????????????????????????????????????????????? | | ?????????????????????????????????????????????????? | | ?????????????????????????????????????????????????? | | ?????????????????????????????????????????????????? | | ?????????????????????????????????????????????????? | | ?????????????????????????????????????????????????? | | ?????????????????????????????????????????????????? | | ?????????????????????????????????????????????????? | | ?????????????????????????????????????????????????? | | ?????????????????????????????????????????????????? | +----------------------------------------------------+ Best States ------------- Heat Dissipation 39 Energy Generation 14 Energy Capacity 250 Matter Stores 300 Matter Capacity 300 Sight Range 16 Terrain Scan Density 10 Evasion (%) 42 Item Schematics ----------------- None Robot Schematics ------------------ None Fabricated ------------ Nothing Repaired ---------- Nothing Studied --------- None Alien Tech Used ----------------- None Achievements -------------- None Challenges ------------ None Game ------ Seed TrackerPoweredTendrils Manual? 0 Play Time 00:17:43 Cumulative 153.9 hours Start 2025.11.03 @ 03:00:47 End 2025.11.05 @ 02:57:31 Sessions 3 Manual Loads 0 Difficulty Rogue Special Mode None Game No. 161 Rogue 159 Adventurer 2 Explorer 0 Win Type - Total 0 Types 0/0/0/0/0/0/0/0/0/0 Lore% 64 Gallery% 56 Achievement% 30 Wizard Run 0 Options --------- Layout 2 ASCII 0 Keyboard 1 Movement Numpad Keybinds 0 Fullscreen 0 Font 42/SmallcapsGlow Map View 59x48 Zoom Use 0% Tactical HUD 1 Map Filters NONE Filters NONE Steam 1 RUN: d0b20369-25d0-4933-85dd-8a9469bda98a